 Dungeon Crawl Stone Soup version 0.31-a0-981-geadf994542 (webtiles) character file.

Game seed: 15646784312493920987

1838 Dittersdorf the Shield-Bearer (level 9, -2/57 HPs)
             Began as a Gargoyle Fighter on Nov 1, 2023.
             Was a Believer of Okawaru.
             Slain by an orc warrior
             ... wielding a +0 mace
              (6 damage)
             ... on level 7 of the Dungeon.
             The game lasted 00:07:33 (6110 turns).

Dittersdorf the Shield-Bearer (Gargoyle Fighter)    Turns: 6110, Time: 00:07:34

Health: -2/57      AC: 16    Str: 30    XL:     9   Next: 11%
Magic:  9/9        EV: 10    Int:  9    God:    Okawaru [**....]
Gold:   478        SH:  6    Dex: 15    Spells: 8/8 levels left

rFire   . . .        a - +0 flail (drain)
rCold   . . .        c - +0 buckler
rNeg    + . .        b - +0 scale mail
rPois   ∞            j - +1 helmet
rElec   +            (no cloak)
rCorr   .            (no gloves)
SInv    .            (no boots)
Will    .....        g - amulet of faith Stlth
                     q - +6 ring of strength
HPRegen 0.29/turn    e - +6 ring of dexterity
MPRegen 0.11/turn

%: faith
@: no status effects
A: sickness immunity, AC +6, negative energy resistance 1, electricity
resistance, torment resistance 1, petrification resistance
a: Renounce Religion, Heroism


You were on level 7 of the Dungeon.
You worshipped Okawaru.
Okawaru was pleased with you.
You visited 2 branches of the dungeon, and saw 8 of its levels.

You collected 478 gold pieces.

Inventory:

Hand Weapons
 a - a +0 flail of draining (weapon)
Missiles
 m - 7 poisoned darts (quivered)
Armour
 b - a +0 scale mail (worn)
 c - a +0 buckler (worn)
 j - a +1 helmet (worn)
Jewellery
 e - a +6 ring of dexterity (right hand)
 g - an amulet of faith (around neck)
 k - a ring of magical power
 l - a ring of see invisible
 q - a +6 ring of strength (left hand)
Wands
 r - a wand of polymorph (13)
Scrolls
 f - 4 scrolls of teleportation
 h - a scroll of fog
 i - a scroll of enchant weapon
 t - 2 scrolls of fear
Potions
 d - a potion of might
 n - a potion of berserk rage
 o - a potion of magic
 p - 2 potions of haste {unknown}
 s - a potion of invisibility {unknown}
 u - 2 potions of heal wounds


   Skills:
 + Level 7.1 Fighting
 + Level 6.0 Maces & Flails
 + Level 7.0 Armour
 + Level 7.2 Shields


You had 8 spell levels left.
You didn't know any spells.
Your spell library contained the following spells:

 Spells                   Type           Power      Damage    Failure   Level
 Apportation              Tloc           0%         N/A       65%         1
 Blink                    Tloc           0%         N/A       80%         2
 Jinxbite                 Hex            0%         N/A       80%         2
 Inner Flame              Hex/Fire       0%         N/A       95%         3
 Flame Wave               Conj/Fire      0%         2d4       100%        4
 Manifold Assault         Tloc           0%         N/A       100%        4
 Sticky Flame             Conj/Fire      0%         2d3       100%        4
 Alistair's Intoxication  Tmut/Pois      0%         N/A       100%        5
 Borgnjor's Revivificati  Necr           0%         N/A       100%        8
 Death's Door             Necr           0%         N/A       100%        9
 Haunt                    Necr/Summ      Unusable   N/A       N/A         7

Dungeon Overview and Level Annotations

Branches:
Dungeon (7/15)             Temple (1/1) D:5

Altars:
Ashenzari
Cheibriados
Elyvilon
Gozag
Kikubaaqudgha
Makhleb
Nemelex Xobeh
Okawaru
Ru
Trog
Vehumet
Wu Jian
Yredelemnul
Zin
The Shining One


Innate Abilities, Weirdness & Mutations

You are immune to sickness and miasma.
Your stone body is resilient. (AC +6)
You are immune to poison.
You resist negative energy. (rN+)
You are resistant to electric shocks. (rElec)
You are resistant to unholy torment.
You are immune to petrification.


Message History

* * * LOW HITPOINT WARNING * * *
Something hits you.
* * * LOW HITPOINT WARNING * * *
You bump into the rock wall.
The orc warrior misses you. Something completely misses you.
You bump into the rock wall.
The orc warrior barely misses you. Something hits you but does no damage.
You bump into the rock wall.
The orc warrior hits you but does no damage.
Something hits you but does no damage.
You miss something.
The orc warrior hits you but does no damage.
Something hits you but does no damage.
You completely miss something.
You feel less confused. You block the orc warrior's attack.
You hear some strange, mumbled words.
You are confused.
You barely miss the orc warrior.
The orc warrior hits you with a +0 mace.
* * * LOW HITPOINT WARNING * * *
Something hits you but does no damage.
The orc warrior hits you but does no damage.
Something hits you but does no damage.
Items here: $ )) [ ††.
You bump into the rock wall.
The orc warrior hits you but does no damage.
Something hits you but does no damage.
You closely miss the orc warrior. The orc warrior barely misses you.
Something hits you but does no damage. The orc warrior blocks your attack.
The orc warrior hits you with a +0 mace.
* * * LOW HITPOINT WARNING * * *
Something hits you but does no damage.
You're too confused to move!
The orc warrior closely misses you. Something hits you but does no damage.
You bump into the rock wall.
You feel less confused.
The orc warrior hits you with a +0 mace.
You die...

#...........
#.#.#.#.####>
#........# #
#(#.#.#.##
#........#
#.#.#.#.###
##.........
##o#.#.#.#
#[@)......
##{#.#.#..
..#.... #.##
.... #. .....
## .... ....


You could see an orc warrior.

Vanquished Creatures
  A steam dragon (D:6)
  Menkaure (D:5)
  A sky beast (D:7)
  2 ogres
  A centaur (D:7)
  2 phantoms
  3 scorpions
  A howler monkey (D:5)
  9 hounds
  2 sleepcaps
  3 iguanas (D:6)
  4 orc wizards (D:7)
  8 adders
  20 gnolls
  2 ufetubi (D:5)
  3 worms
  7 dart slugs
  20 orcs
  3 endoplasms
  A giant cockroach (D:1)
  2 goblins (D:3)
  A hobgoblin (D:1)
  16 jackals
  2 quokkas
  5 ball pythons
  A bat (D:2)
  3 frilled lizards
  4 kobolds
  5 rats
133 creatures vanquished.

Notes
Turn   | Place    | Note
-------+----------+-------------------------------------------
     0 | D:1      | Dittersdorf the Gargoyle Fighter began the quest for the
                  | Orb.
     0 | D:1      | Reached XP level 1. HP: 14/14 MP: 1/1
   146 | D:1      | Found a faded altar of an unknown god.
   348 | D:1      | Reached XP level 2. HP: 19/19 MP: 2/2
   730 | D:2      | Reached XP level 3. HP: 23/23 MP: 3/3
  1160 | D:2      | Reached XP level 4. HP: 25/29 MP: 4/4
  1543 | D:3      | Found a snail-covered altar of Cheibriados.
  2459 | D:4      | Reached XP level 5. HP: 29/33 MP: 5/5
  3086 | D:5      | Entered Level 5 of the Dungeon
  3126 | D:4      | Reached XP level 6. HP: 32/39 MP: 6/6
  3370 | D:5      | Reached skill level 5 in Shields
  3386 | D:5      | Reached skill level 5 in Fighting
  3525 | D:4      | Reached skill level 5 in Armour
  3525 | D:4      | Reached XP level 7. HP: 42/44 MP: 7/7
  3878 | D:5      | Found a staircase to the Ecumenical Temple.
  3974 | Temple   | Entered the Ecumenical Temple
  3995 | Temple   | Became a worshipper of Warmaster Okawaru
  4076 | D:5      | Noticed Menkaure
  4084 | D:5      | Killed Menkaure
  4221 | D:5      | Reached * piety under Okawaru
  4279 | D:5      | Reached XP level 8. HP: 51/51 MP: 8/8
  4363 | D:5      | Found an opulent altar of Gozag.
  4829 | D:6      | Reached skill level 5 in Maces & Flails
  5282 | D:6      | Reached ** piety under Okawaru
  5939 | D:7      | Reached XP level 9. HP: 42/56 MP: 9/9
  6110 | D:7      | Slain by an orc warrior

Illustrated notes

Levels and vault maps discovered:
D:1:      elethiomel_arrival_fortress_basement, layout_basic,
          shapermc_ecumenical_altar_gd
D:2:      layout_rooms
D:3:      layout_loops_corners, cheibrodos_worm_habitat
D:4:      layout_gridville, minmay_between
D:5:      lemuel_castle_with_subvaults [lemuel_castle_interior_carwin_1],
          layout_cave_pools, grunt_gozag_breadcrumbs, temple_pool_b,
          nrook_pool_corridor, uniq_menkaure
D:6:      layout_basic, roderic_roman_lattice
D:7:      layout_rooms, st_stairs_12
Temple:   compressed_dpeg_triangle_lava_temple

Skill      XL: |  1  2  3  4  5  6  7  8  9 |
---------------+----------------------------+-----
Shields        | 4 5 7 |  7.2
Fighting       | 4 5 6 7 |  7.1
Armour         | 4 5 6 7 |  7.0
Maces & Flails | 3 4 5 6 |  6.0

Action                     |  1- 3 |  4- 6 |  7- 9 || total
---------------------------+-------+-------+-------++-------
  Melee: Flail             |   116 |   170 |   260 ||   546
  Throw: Dart              |       |       |     5 ||     5
    Use: Scroll            |       |    10 |     4 ||    14
 Armour: Scale mail        |    92 |   186 |   258 ||   536
  Dodge: Dodged            |    69 |   142 |   111 ||   322
  Block: Buckler           |    24 |    74 |    82 ||   180

Table legend: (Time is in decaauts)
 A = Elapsed time spent in this place.
 B = Non-inter-level travel time spent in this place.
 C = Inter-level travel time spent in this place.
 D = Time resting spent in this place.
 E = Time spent auto-exploring this place.
 F = Levels seen in this place.
 G = Mean time per level.
                   A        B        C        D        E       F      G
               +--------+--------+--------+--------+--------+-----+--------+
         Total |   6263 |   5952 |    311 |    965 |   3545 |   8 |  782.9 |
       Dungeon |   6233 |   5922 |    311 |    965 |   3545 |   7 |  890.4 |
        Temple |     30 |     30 |      0 |      0 |      0 |   1 |   30.0 |
               +--------+--------+--------+--------+--------+-----+--------+

Top non-repeatable levels by time:
     D:5: 1391 daAuts
     D:3: 1224 daAuts
     D:6: 1119 daAuts
     D:4: 1103 daAuts
     D:1: 703 daAuts
     D:2: 536 daAuts
     D:7: 154 daAuts
  Temple: 30 daAuts
